 Dungeon Crawl Stone Soup version 0.29-a0-297-g7659ce593d (webtiles) character file.

Game seed: 9802544726103539793

2383 Dabor the Tainter (level 9, 0/40 HPs)
             Began as a Deep Elf Venom Mage on Mar 23, 2022.
             Killed from afar by Erica (32 damage)
             ... with a bolt of poison
             ... on level 8 of the Dungeon.
             The game lasted 00:19:53 (11926 turns).

Dabor the Tainter (Deep Elf Venom Mage)            Turns: 11926, Time: 00:19:54

Health: 0/40       AC:  7    Str:  3    XL:     9   Next: 22%
Magic:  10/23      EV: 16    Int: 25    God:
Gold:   158        SH:  0    Dex: 18    Spells: 15/25 levels left

rFire   + . .      SeeInvis .   p - +5 mace of Ointment {venom, rElec rF+ Dex+3}
rCold   + + .      Faith    .   (no shield)
rNeg    . . .      Spirit   .   q - +0 robe {rC+}
rPois   .          Reflect  .   k - +2 helmet
rElec   +          Harm     .   x - +1 cloak
rCorr   .          Rampage  .   (no gloves)
Will    .....                   (no boots)
Stlth   ++........              (no amulet)
HPRegen 0.13/turn               o - ring of protection from cold
MPRegen 0.18/turn               (no ring)

@: lethally poisoned (0 -> -11)
A: frail 1, weak 1
a: no special abilities


You were on level 8 of the Dungeon.
You visited 1 branch of the dungeon, and saw 8 of its levels.

You collected 312 gold pieces.
You spent 154 gold pieces at shops.

Inventory:

Hand Weapons
 e - a +2 whip of draining
 m - a +4 quarterstaff of chaos
 p - the +5 mace of Ointment (weapon) {venom, rElec rF+ Dex+3}
   (You found it on level 4 of the Dungeon)

   It poisons the flesh of those it strikes.
   Dex:       It affects your dexterity (+3).
   rF:        It protects you from fire.
   rElec:     It insulates you from electricity.
Armour
 k - a +2 helmet (worn)
 q - a +0 robe of cold resistance (worn)
 x - a +1 cloak (worn)
Jewellery
 o - a ring of protection from cold (left hand)
Wands
 g - a wand of mindburst (20)
 r - a wand of paralysis (12)
 u - a wand of digging (1)
Scrolls
 a - 2 scrolls of identify
 c - 2 scrolls of magic mapping
 d - a scroll of fog
 f - a scroll of immolation
 h - a scroll of enchant armour
 i - a scroll of fear
 l - 2 scrolls of teleportation
 n - 3 scrolls of enchant weapon {unknown}
 s - a scroll of brand weapon {unknown}
 t - 3 scrolls of amnesia {unknown}
 w - a scroll of blinking {unknown}
Potions
 b - 3 potions of magic
 j - a potion of berserk rage
 v - 2 potions of brilliance {unknown}


   Skills:
 + Level 7.6 Dodging
 - Level 2.4 Stealth
 + Level 8.5 Spellcasting
 + Level 0.4 Conjurations
 - Level 3.0 Transmutations
 + Level 0.4 Ice Magic
 + Level 0.2 Air Magic
 * Level 9.8 Poison Magic


You had 15 spell levels left.
You knew the following spells:

 Your Spells              Type           Power      Damage    Failure   Level
a - Sting                 Tmut/Pois      100%       1d8       1%          1
b - Poisonous Vapours     Pois/Air       70%        N/A       1%          2
c - Olgreb's Toxic Radia  Pois           56%        N/A       1%          4
d - Ignite Poison         Fire/Tmut/Pois 32%        N/A       3%          3

Your spell library contained the following spells:

 Spells                   Type           Power      Damage    Failure   Level
 Wereblood                Tmut           25%        N/A       2%          2
 Mephitic Cloud           Conj/Pois/Air  28%        N/A       4%          3
 Corpse Rot               Necr/Air       22%        N/A       9%          2
 Sublimation of Blood     Necr           10%        N/A       9%          2
 Ozocubu's Armour         Ice            12%        N/A       14%         3
 Dispel Undead            Necr           10%        3d9       50%         4
 Freezing Cloud           Conj/Ice/Air   6%         6-21      80%         5
 Death Channel            Necr           5%         N/A       100%        6
 Ozocubu's Refrigeration  Ice            6%         4d6       100%        7
 Summon Hydra             Summ           5%         N/A       100%        7


Dungeon Overview and Level Annotations

Branches:
Dungeon (8/15)             Temple (0/1) D:7
   Lair: D:8-11

Altars:
Okawaru
Zin

Shops:
D:1 *[[[   D:2 *   D:6 ?   D:7 *

Annotations:
D:8 Erica


Innate Abilities, Weirdness & Mutations

You are frail. (-10% HP)
You are weak. (Str -2)


Message History

Erica zaps a wand.
The mass of ice explodes!
The iceblast engulfs you! You partially resist.
You hear a loud, deep croak!
You hear an angry hiss.
You hear a howl!
You hear a bellow! x2
Casting: Olgreb's Toxic Radiance (dangerous; 1% risk of failure)
Confirm with . or Enter, or press ? or * to list all spells.
Your toxic radiance grows in intensity.
Erica looks even sicker.
The black bear looks even sicker.
Casting: Olgreb's Toxic Radiance (dangerous; 1% risk of failure)
Confirm with . or Enter, or press ? or * to list all spells.
Your toxic radiance grows in intensity.
The black bear looks as sick as possible!
Erica looks even sicker.
The black bear looks as sick as possible!
Aiming: Sting (safe; 1% risk of failure)
Press: ? - help, Q - select action, (/) - cycle Shift-Dir - straight line, f - Erica
Aim: Erica, wielding a +1 scimitar of flaming, wearing a +2 robe of the Archmagi and carrying a wand of iceblast (13) (moderately wounded, very poisoned, 75% to hit)
The sting hits Erica.
Erica looks as sick as possible!
Erica is heavily wounded.
Erica looks as sick as possible!
The black bear looks as sick as possible!
Erica looks as sick as possible!
Erica points at you and mumbles some strange words.
You resist with some effort.
The black bear goes berserk!
The black bear looks as sick as possible!
Aiming: Sting (safe; 1% risk of failure)
Press: ? - help, Q - select action, (/) - cycle Shift-Dir - straight line, f/p - Erica
Aim: Erica, wielding a +1 scimitar of flaming, wearing a +2 robe of the Archmagi and carrying a wand of iceblast (13) (heavily wounded, extremely poisoned, 75% to hit)
The sting hits the black bear.
The black bear looks as sick as possible!
You kill the black bear!
Erica looks as sick as possible!
Your toxic aura wanes.
A water moccasin comes into view.
Erica gestures at you while chanting. The bolt of poison hits you!!
You are poisoned.
Ouch! That really hurt!
You die...

,,,******>,***,,***,..,,,,*,,,,,*
,,,,,* **,,*#.** ##.,,,,,**,,***
,,,,,*****,,*#.,* #..*,,,,,,,,***
,,,,,,,,,##,,#.##*#..*,,##.,,,,,*
,,,,,....#..##...##.#*,....,,,,,*
**,,,...............##.....,,,***
,,,,*,....................#,,,***
,*,****#........###@....#***,,,,*
**,**###........@.†.....#* ***,,,
**,,*#........###........#** *,,,
,,,,,.........#............****,,
,,,,,.......<.......#......,*,,,,
,,,,,...............##.S...,,,,,,
≈≈*,,..............##*.....,,,,,,
**≈*≈≈♣.##.........#*,.?...,,,,,,
≈≈≈**≈≈≈≈#..........#,,,..,,,,,,,
≈≈≈≈≈P≈*♣≈............,,,,,,,,,,,


You could see Erica (extremely poisoned) and a water moccasin (wandering).

Vanquished Creatures
  Pikel (D:4)
  Edmund (D:6)
  2 water moccasins
  Duvessa (D:4)
  2 black bears
  2 ice beasts (D:6)
  An ogre (D:7)
  A centaur (D:7)
  A kobold brigand (D:7)
  A gnoll sergeant (D:7)
  A bullfrog (D:7)
  3 scorpions
  A necrophage (D:6)
  Dowan (D:4)
  2 hounds
  2 orc priests
  A jelly (D:7)
  Crazy Yiuf (D:4)
  2 iguanas (D:6)
  Natasha (twice) (D:3)
  An orc wizard (D:4)
  11 adders
  10 gnolls
  A shadow imp (D:6)
  3 white imps (D:7)
  2 worms
  2 dart slugs
  16 orcs
  6 ball pythons
  6 bats
  11 endoplasms
  3 giant cockroaches
  6 goblins
  3 hobgoblins
  2 jackals (D:1)
  11 kobolds
  4 quokkas
  4 frilled lizards
  A rat (D:1)
132 creatures vanquished.

Notes
Turn   | Place    | Note
-------+----------+-------------------------------------------
     0 | D:1      | Dabor the Deep Elf Venom Mage began the quest for the Orb.
     0 | D:1      | Reached XP level 1. HP: 10/10 MP: 6/6
    29 | D:1      | Found Odubruro's Armour Shop.
   109 | D:1      | Found Vutrom's General Store.
   245 | D:1      | Reached XP level 2. HP: 15/15 MP: 5/8
   302 | D:1      | Learned a level 2 spell: Poisonous Vapours
   379 | D:1      | Found Bufun's Antique Armour Shop.
   503 | D:1      | Found Ewkadet's Antique Armour Boutique.
  1193 | D:1      | Reached XP level 3. HP: 19/19 MP: 8/10
  1227 | D:1      | Found a faded altar of an unknown god.
  2131 | D:2      | Found Iguhaawyg's General Store.
  2139 | D:2      | Bought a scroll of noise for 13 gold pieces
  2354 | D:3      | Reached skill level 4 in Poison Magic
  2445 | D:3      | Reached XP level 4. HP: 23/24 MP: 5/11
  2687 | D:3      | Noticed Natasha
  2692 | D:3      | Killed Natasha
  3601 | D:4      | Reached XP level 5. HP: 26/28 MP: 9/13
  3740 | D:4      | Noticed a lemure
  3741 | D:4      | Noticed a lemure
  3741 | D:4      | Noticed a lemure
  3878 | D:4      | Noticed Duvessa
  3915 | D:4      | Killed Duvessa
  3916 | D:4      | Reached skill level 5 in Poison Magic
  3916 | D:4      | Reached XP level 6. HP: 32/32 MP: 1/15
  4058 | D:4      | Noticed Dowan
  4070 | D:4      | Killed Dowan
  4071 | D:4      | Reached skill level 5 in Spellcasting
  4319 | D:4      | Learned a level 4 spell: Olgreb's Toxic Radiance
  4740 | D:4      | Found a runed translucent door.
  4741 | D:4      | Noticed Crazy Yiuf
  5013 | D:4      | Gained mutation: You are frail. (-10% HP) [potion of
                  | mutation]
  5013 | D:4      | Gained mutation: You are weak. (Str -2) [potion of
                  | mutation]
  6301 | D:4      | Killed Crazy Yiuf
  6310 | D:4      | Identified the +5 mace of Ointment {venom, rElec rF+ Dex+3}
  6943 | D:4      | Noticed Pikel
  6963 | D:4      | Killed Pikel
  6964 | D:4      | Reached skill level 5 in Dodging
  6964 | D:4      | Reached skill level 7 in Poison Magic
  6964 | D:4      | Reached XP level 7. HP: 32/32 MP: 7/18
  7028 | D:3      | Noticed Natasha
  7033 | D:3      | Killed Natasha
  7080 | D:1      | Bought a scroll of identify for 22 gold pieces
  7080 | D:1      | Bought a scroll of magic mapping for 38 gold pieces
  7657 | D:5      | Entered Level 5 of the Dungeon
  7836 | D:5      | Reached XP level 8. HP: 34/36 MP: 13/20
  8658 | D:5      | Reached skill level 8 in Poison Magic
  9219 | D:6      | Found Naklejy's Magic Scroll Shoppe.
  9374 | D:6      | Noticed Edmund
  9516 | D:6      | Killed Edmund
  9517 | D:6      | Reached skill level 9 in Poison Magic
 10610 | D:7      | Reached XP level 9. HP: 40/40 MP: 19/23
 10884 | D:7      | Found a staircase to the Ecumenical Temple.
 11400 | D:7      | Learned a level 3 spell: Ignite Poison
 11497 | D:7      | Found Heck's Assorted Antiques.
 11501 | D:7      | Bought a scroll labelled ENLIUPS PIRETOC for 27 gold pieces
 11501 | D:7      | Bought a scroll of identify for 54 gold pieces
 11679 | D:7      | Found a glowing silver altar of Zin.
 11866 | D:7      | Found an iron altar of Okawaru.
 11917 | D:8      | Noticed Erica
 11926 | D:8      | Killed from afar by Erica

Illustrated notes

Levels and vault maps discovered:
D:1:      psy_arrival_fountain, layout_basic,
          dilly_ecumenical_altar_fadedgnrine, serial_shops,
          nicolae_lakefront_shop, nicolae_shop_waterfront,
          nicolae_shop_behind_doors, shop
D:2:      layout_loops_corners, serial_shops, shop
D:3:      layout_loops_ring, uniq_natasha
D:4:      layout_cave_pods, uniq_pikel, uniq_duvessa, uniq_crazy_yiuf_cottage
D:5:      layout_basic
D:6:      layout_cave_pools, serial_shops, shop, minmay_misc_feat_roman,
          uniq_edmund
D:7:      layout_loops_corners, mainiacjoe_overflow_two_lobes,
          minmay_temple_entry_drinking_statues, serial_shops, shop,
          palyth_stone_intersect, hangedman_decor_push
D:8:      layout_cave_pools, nicolae_ossuary_entry_catacombs,
          serial_bayou_lake_a, uniq_erica

Skill      XL: |  1  2  3  4  5  6  7  8 |
---------------+-------------------------+-----
Dodging        | 3 4 5 7 |  7.6
Transmutations | 2 3 |  3.0
Poison Magic   | 4 5 7 9 |  9.8
Spellcasting   | 4 6 8 |  8.5
Stealth        | |  2.4
Conjurations   | |  0.4
Ice Magic      | |  0.4
Air Magic      | |  0.2

Action                   |  1- 3 |  4- 6 |  7- 9 || total
-------------------------+-------+-------+-------++-------
Melee: Whip              |     3 |     8 |       ||    11
       Mace              |       |       |    39 ||    39
 Cast: Sting             |    88 |    81 |   108 ||   277
       Poisonous Vapours |     3 |    24 |    30 ||    57
       Olgreb's Toxic Ra |       |     2 |    22 ||    24
  Use: Scroll            |     3 |     3 |     3 ||     9
       Potion            |       |     6 |     2 ||     8
Armor: Robe              |     7 |    10 |    19 ||    36
Dodge: Dodged            |    15 |    23 |    94 ||   132

Table legend: (Time is in decaauts)
 A = Elapsed time spent in this place.
 B = Non-inter-level travel time spent in this place.
 C = Inter-level travel time spent in this place.
 D = Time resting spent in this place.
 E = Time spent auto-exploring this place.
 F = Levels seen in this place.
 G = Mean time per level.
                   A        B        C        D        E       F      G
               +--------+--------+--------+--------+--------+-----+--------+
         Total |  11969 |  11019 |    950 |   2149 |   7557 |   8 | 1496.1 |
       Dungeon |  11969 |  11019 |    950 |   2149 |   7557 |   8 | 1496.1 |
               +--------+--------+--------+--------+--------+-----+--------+

Top non-repeatable levels by time:
     D:4: 3661 daAuts
     D:7: 1879 daAuts
     D:1: 1779 daAuts
     D:3: 1237 daAuts
     D:5: 1229 daAuts
     D:6: 1167 daAuts
     D:2: 1000 daAuts
     D:8: 15 daAuts
